 Dungeon Crawl Stone Soup version 0.31.0-11-ge490571c62 (webtiles) character file.

Game seed: 2161724649406715555

343 bearlyready the Grave Robber (level 6, -3/44 HPs)
             Began as a Gnoll Necromancer on Feb 10, 2024.
             Killed by divine providence
             ... invoked by an orc priest
              (14 damage)
             ... on level 4 of the Dungeon.
             The game lasted 00:04:04 (2618 turns).

bearlyready the Grave Robber (Gnoll Necromancer)    Turns: 2618, Time: 00:04:05

Health: -3/44      AC:  3    Str:  7    XL:     6   Next: 57%
Magic:  11/14      EV: 13    Int: 17    God:
Gold:   145        SH:  0    Dex: 12    Spells: 9/15 levels left

rFire   . . .        h - +0 dagger (venom)
rCold   . . .        (no shield)
rNeg    . . .        t - +1 robe {Will+}
rPois   .            (no helmet)
rElec   .            (no cloak)
rCorr   .            (no gloves)
SInv    .            (no boots)
Will    +....        n - amulet of the acrobat
Stlth   +            (no ring)
HPRegen 0.27/turn    (no ring)
MPRegen 0.14/turn

%: acrobat
@: confused, on blink cooldown, hasted, very quick
A: fangs 1, strong nose, distributed training
a: no special abilities


You were on level 4 of the Dungeon.
You visited 1 branch of the dungeon, and saw 4 of its levels.

You collected 145 gold pieces.

Inventory:

Hand Weapons
 c - a +0 dagger
 h - a +0 dagger of venom (weapon)
 m - a +1 short sword of holy wrath
 s - a +2 flail of protection
Missiles
 e - 22 stones
 p - 7 poisoned darts
Armour
 a - an orb of guile
 t - a +1 robe of willpower (worn)
Jewellery
 n - an amulet of the acrobat (around neck)
Wands
 r - a wand of polymorph (12)
Scrolls
 f - 6 scrolls of identify {unknown}
 o - a scroll of fog {unknown}
 q - a scroll of enchant armour {unknown}
 u - a scroll of poison {unknown}
Potions
 b - a potion of magic
 d - a potion of curing {unknown}
 g - a potion of invisibility {unknown}
 j - 2 potions of attraction {unknown}
 k - a potion of haste
 l - a potion of cancellation {unknown}


   Skills:
 + Level 2.1 Fighting
 + Level 2.1 Short Blades
 + Level 2.1 Long Blades
 + Level 2.1 Axes
 + Level 2.1 Maces & Flails
 + Level 2.1 Polearms
 + Level 2.1 Staves
 + Level 2.1 Ranged Weapons
 + Level 2.1 Throwing
 + Level 2.1 Armour
 + Level 5.0 Dodging
 + Level 4.7 Stealth
 + Level 2.1 Shields
 + Level 2.1 Unarmed Combat
 + Level 5.4 Spellcasting
 + Level 1.6 Conjurations
 + Level 1.6 Hexes
 + Level 1.6 Summonings
 + Level 7.3 Necromancy
 + Level 1.6 Translocations
 + Level 1.6 Fire Magic
 + Level 1.6 Ice Magic
 + Level 1.6 Air Magic
 + Level 1.6 Earth Magic
 + Level 1.6 Alchemy
 + Level 2.3 Invocations
 + Level 2.1 Evocations
 + Level 1.9 Shapeshifting


You had 9 spell levels left.
You knew the following spells:

 Your Spells              Type           Power      Damage    Failure   Level
a - Necrotise             Necr           100%       1d9       1%          1
b - Vampiric Draining     Necr           29%        2d8       1%          3
c - Blink                 Tloc           20%        N/A       11%         2

Your spell library contained the following spells:

 Spells                   Type           Power      Damage    Failure   Level
 Animate Dead             Necr           29%        N/A       7%          4
 Lesser Beckoning         Tloc           20%        N/A       11%         2
 Momentum Strike          Conj/Tloc      20%        3d8       11%         2
 Curse of Agony           Necr           29%        N/A       19%         5


Dungeon Overview and Level Annotations

Branches:
Dungeon (4/15)
 Temple: D:4-7

Altars:


Innate Abilities, Weirdness & Mutations

You have very sharp teeth.
Your uncanny sense of smell can sniff out nearby items.
Your experience applies equally to all skills.


Message History

It was a scroll of revelation.
The orc wizard hits you with a +0 dagger.
The orc wizard hits you but does no damage.
The orc wizard hits you with a +0 vampiric dagger.
Casting: Vampiric Draining (safe; 1% risk of failure)
Confirm with . or Enter, or press ? or * to list all spells.
Aiming: Necrotise (safe; 1% risk of failure)
Press: ? - help, Shift-Dir - straight line, f - orc wizard
Aim: an orc wizard, wielding a +0 vampiric dagger and wearing a +0 robe (severely wounded, extremely poisoned, chance to affect: 83%)
The orc wizard barely resists.
Something hits you but does no damage. Something hits you.
The orc wizard hits you with a +0 vampiric dagger.
The orc barely misses you.
Casting: Necrotise (safe; 1% risk of failure)
Confirm with . or Enter, or press ? or * to list all spells.
You blink.
Casting: Blink (safe; 11% risk of failure)
Confirm with . or Enter, or press ? or * to list all spells.
You can't see any susceptible monsters within range! (Use Z to cast anyway.)
Casting: Blink (safe; 11% risk of failure)
Confirm with . or Enter, or press ? or * to list all spells.
Aiming: Necrotise (safe; 1% risk of failure)
Press: ? - help, Shift-Dir - straight line, f/p - orc wizard
Aim: an orc wizard, wielding a +0 vampiric dagger and wearing a +0 robe (severely wounded, very poisoned, chance to affect: 83%)
Okay, then.
Okay, then.
You hear some strange, mumbled words.
You are confused.
The scorpion completely misses you.
A magic dart appears from out of thin air!
The magic dart hits you.
It was a potion of haste.
You feel yourself speed up. The scorpion stings you.
* * * LOW HITPOINT WARNING * * *
Something hits you.
* * * LOW HITPOINT WARNING * * *
The orc wizard gestures wildly while chanting.
The orc wizard flickers and vanishes!
The orc priest mumbles some strange prayers to Beogh against you.
Beogh smites you!
You die...

**+**,,,,,,,,..............#...#,
*,,,,,,*+###############+###...#,
*,,,,,,*,....................[.#,
*,,,,,,*,,.....................#.
*,,,,,,*.,,...............##'###.
*,,,,,,*..,*#......{......#......
,,,,,,,*...##....oo.#######.....#
,,,,,,,+........s...#...........#
,,,,,,,*........@...#...........#
,,,,,,,*............#...........#
,,,,,,,*...##.......#...........#
,,******,,,*#.......+...........#
,,*,,,,,,,,*######..#...........#
,,*,,,,,,,,**,,,**############...
,,*,,,,,,,,<,,,,,* #...
,,+,,,,,,,,,,,,,,* #...
,,*+****,,,**,,,,* #...


You could see a scorpion, an orc priest and an orc.

Vanquished Creatures
  Sigmund (D:2)
  A jelly (D:4)
  Jessica (D:3)
  2 adders (D:2)
  3 gnolls (D:3)
  3 dart slugs
  3 ribbon worms
  6 endoplasms
  2 giant cockroaches
  5 goblins
  5 hobgoblins
  4 jackals (D:1)
  5 quokkas
  4 ball pythons
  A bat (D:1)
  5 frilled lizards
  6 kobolds
  3 rats
60 creatures vanquished.

Notes
Turn   | Place    | Note
-------+----------+-------------------------------------------
     0 | D:1      | bearlyready the Gnoll Necromancer began the quest for the
                  | Orb.
     0 | D:1      | Reached XP level 1. HP: 13/13 MP: 6/6
    92 | D:1      | Reached XP level 2. HP: 19/19 MP: 7/7
   471 | D:1      | Reached skill level 5 in Spellcasting
   471 | D:1      | Reached XP level 3. HP: 3/25 MP: 6/9
   802 | D:2      | Reached skill level 1 in Invocations
   816 | D:2      | Reached skill level 1 in Fighting
   816 | D:2      | Reached skill level 1 in Short Blades
   816 | D:2      | Reached skill level 1 in Long Blades
   816 | D:2      | Reached skill level 1 in Axes
   816 | D:2      | Reached skill level 1 in Maces & Flails
   816 | D:2      | Reached skill level 1 in Polearms
   816 | D:2      | Reached skill level 1 in Staves
   816 | D:2      | Reached skill level 1 in Ranged Weapons
   816 | D:2      | Reached skill level 1 in Throwing
   816 | D:2      | Reached skill level 1 in Armour
   816 | D:2      | Reached skill level 1 in Shields
   816 | D:2      | Reached skill level 1 in Unarmed Combat
   816 | D:2      | Reached skill level 1 in Evocations
  1112 | D:2      | Learned a level 3 spell: Vampiric Draining
  1115 | D:2      | Learned a level 2 spell: Blink
  1161 | D:2      | Reached skill level 1 in Shapeshifting
  1161 | D:2      | Reached XP level 4. HP: 30/32 MP: 11/11
  1408 | D:2      | Noticed Sigmund
  1423 | D:2      | Killed Sigmund
  1424 | D:2      | Reached skill level 1 in Conjurations
  1424 | D:2      | Reached skill level 1 in Hexes
  1424 | D:2      | Reached skill level 1 in Summonings
  1424 | D:2      | Reached skill level 1 in Translocations
  1424 | D:2      | Reached skill level 1 in Fire Magic
  1424 | D:2      | Reached skill level 1 in Ice Magic
  1424 | D:2      | Reached skill level 1 in Air Magic
  1424 | D:2      | Reached skill level 1 in Earth Magic
  1424 | D:2      | Reached skill level 1 in Alchemy
  1424 | D:2      | Reached XP level 5. HP: 25/38 MP: 10/12
  1424 | D:2      | Reached XP level 6. HP: 29/44 MP: 11/14
  1699 | D:3      | Reached skill level 5 in Dodging
  1878 | D:3      | Noticed Jessica
  1883 | D:3      | Killed Jessica
  2256 | D:3      | Noticed a chaos spawn
  2419 | D:3      | Found a faded altar of an unknown god.
  2618 | D:4      | Killed from afar by an orc priest

Illustrated notes

Levels and vault maps discovered:
D:1:      dpeg_arrival_tiny_a, layout_basic
D:2:      layout_loops_ring, uniq_sigmund
D:3:      layout_loops_ring, dreamdust_ecumenical_altar_sealed_demon,
          grunt_ministairs_13, minmay_misc_feat_hallway, minmay_statues_item,
          serial_bayou_pond_c, uniq_jessica
D:4:      layout_gridville, okawaru_altar_gauntlet_db,
          nicolae_wu_jian_immortal_techniques

Skill      XL: |  1  2  3  4  5  6 |
---------------+-------------------+-----
Spellcasting   | 5 |  5.4
Invocations    | 1 2 |  2.3
Fighting       | 1 2 |  2.1
Short Blades   | 1 2 |  2.1
Long Blades    | 1 2 |  2.1
Axes           | 1 2 |  2.1
Maces & Flails | 1 2 |  2.1
Polearms       | 1 2 |  2.1
Staves         | 1 2 |  2.1
Ranged Weapons | 1 2 |  2.1
Throwing       | 1 2 |  2.1
Armour         | 1 2 |  2.1
Shields        | 1 2 |  2.1
Unarmed Combat | 1 2 |  2.1
Evocations     | 1 2 |  2.1
Shapeshifting  | 1 |  1.9
Conjurations   | 1 |  1.6
Hexes          | 1 |  1.6
Summonings     | 1 |  1.6
Translocations | 1 |  1.6
Fire Magic     | 1 |  1.6
Ice Magic      | 1 |  1.6
Air Magic      | 1 |  1.6
Earth Magic    | 1 |  1.6
Alchemy        | 1 |  1.6
Dodging        | 5 |  5.0
Stealth        | |  4.7
Necromancy     | |  7.3

Action                     |  1- 3 |  4- 6 || total
---------------------------+-------+-------++-------
  Melee: Dagger            |    83 |    71 ||   154
         Bite              |     4 |     8 ||    12
         Unarmed           |     1 |       ||     1
         Punch             |       |     1 ||     1
   Cast: Necrotise         |    13 |     4 ||    17
         Blink             |       |     2 ||     2
         Vampiric Draining |       |     1 ||     1
    Use: Scroll            |       |     1 ||     1
         Potion            |       |     1 ||     1
   Stab: Sleeping          |     5 |     5 ||    10
 Armour: Robe              |    52 |    22 ||    74
         Ring mail         |       |    16 ||    16
  Dodge: Dodged            |    81 |    43 ||   124
